AoeStats
← BøM_guabao

Arena

508656511Analyzed
4v4 RM · 7d ago on Sep 23, 2026· 47m 45s· 8 players
Game mode
Random Map
Map size
Large (8 player)
Population
200
Speed
Normal
Resources
Standard
Victory
Conquest
Starting age
Dark Age
Ending age
Imperial Age
RankedLock teamsTeams togetherTeam positionsShared explorationLock speedFull tech treeHidden civsTurbo modeCheats
Victory
Defeat
🇫🇷 Danes · France
1412
+15
🇫🇮 Byzantines · Finland
1366
+17
🇨🇴 Varangians · Colombia
1301
+20
🇪🇸 Varangians · Spain
1282
+21
🇦🇷 Britons · Argentina
1490
-22
🇲🇴 Khmer · Macao SAR China
1457
-21
🇸🇬 Lithuanians · Singapore
1382
-18
🇹🇼 Franks · Taiwan
1239
-12
pandorange
9:59 Feudal Age
11:41 Double-Bit Axe
14:07 Castle Age
15:21 Bow Saw
15:14 Horse Collar
15:59 Heavy Plow
20:42 Wheelbarrow
20:54 Stone Mining
21:33 Gold Mining
23:53 Gold Shaft Mining
24:06 Hand Cart
28:20 Imperial Age
25:39 Town Watch
25:39 Loom
26:53 Stone Shaft Mining
27:03 Arson
27:18 Squires
27:20 Scale Mail Armor
27:30 Forging
27:32 Gambesons
27:40 Gambesons
28:49 Chain Mail Armor
28:46 Masonry
28:58 Ballistics
29:40 Iron Casting
29:29 Conscription
28:34 Hamask
28:35 Elite Jomsviking
29:11 Elite Jomsviking
31:42 Plate Mail Armor
32:13 Blast Furnace
43:31 Northmen's Fury
44:13 Onager
45:00 Siege Engineers
45:33 Siege Onager
47:31 Chemistry
47:10 Hoardings
46:27 Fletching
46:35 Murder Holes
engarvi
11:02 Feudal Age
15:01 Castle Age
13:40 Double-Bit Axe
13:46 Horse Collar
16:32 Bow Saw
17:13 Gold Mining
20:07 Crossbowman
22:13 Fletching
23:13 Wheelbarrow
24:38 Gold Shaft Mining
24:16 Bodkin Arrow
24:58 Ballistics
28:50 Imperial Age
26:07 Loom
28:00 Thumb Ring
27:57 Padded Archer Armor
30:37 Chemistry
29:38 Bracer
29:22 Pikeman
29:59 Halberdier
33:17 Hand Cart
32:27 Arbalester
35:22 Scale Mail Armor
35:49 Squires
36:07 Leather Archer Armor
37:30 Chain Mail Armor
39:29 Ring Archer Armor
40:07 Plate Mail Armor
41:15 Forging
42:50 Arson
46:12 Iron Casting
46:48 Stone Mining
47:09 Heavy Plow
48:11 Two-Man Saw
esoneplus
9:19 Feudal Age
11:16 Loom
16:35 Castle Age
15:00 Double-Bit Axe
15:03 Horse Collar
16:59 Forging
17:35 Bow Saw
18:38 Gambesons
18:54 Squires
20:52 Scale Mail Armor
29:00 Heavy Plow
30:59 Wheelbarrow
30:10 Town Watch
34:15 Imperial Age
33:30 Hand Cart
33:15 Town Patrol
36:05 Iron Casting
35:45 Chain Mail Armor
35:21 Fletching
35:01 Vendel Legacy
35:02 Gothikon
36:03 Conscription
36:14 Gold Mining
36:15 Stone Mining
36:26 Arson
36:27 Gambesons
36:59 Elite Varangian Guard
38:29 Capped Ram
39:32 Siege Ram
43:35 Plate Mail Armor
44:05 Blast Furnace
Magio.Andrew
1:05 Loom
9:54 Feudal Age
14:16 Castle Age
12:03 Loom
12:17 Double-Bit Axe
14:59 Forging
15:00 Husbandry
21:38 Horse Collar
28:23 Imperial Age
26:59 Wheelbarrow
26:26 Gold Mining
28:14 Hand Cart
27:40 Vendel Legacy
28:41 Bloodlines
29:53 Iron Casting
29:04 Cavalier
29:49 Heavy Plow
30:32 Scale Barding Armor
31:06 Conscription
33:11 Chain Barding Armor
34:02 Bow Saw
35:53 Blast Furnace
35:44 Crop Rotation
36:16 Plate Barding Armor
42:04 Town Watch
43:23 Chemistry
47:25 Coinage
BøM_guabao
11:33 Feudal Age
12:57 Loom
15:29 Castle Age
14:31 Double-Bit Axe
15:36 Loom
16:18 Light Cavalry
16:27 Light Cavalry
21:40 Bow Saw
25:00 Wheelbarrow
30:18 Imperial Age
28:06 Gold Mining
28:43 Hand Cart
29:02 Fortified Wall
30:06 Husbandry
30:13 Scale Barding Armor
30:41 Forging
31:32 Gold Shaft Mining
30:51 Cavalier
33:12 Masonry
33:26 Conscription
34:04 Chain Barding Armor
34:21 Iron Casting
34:18 Paladin
36:17 Plate Barding Armor
37:13 Hoardings
45:14 Blast Furnace
jimmy211211
11:58 Feudal Age
14:59 Castle Age
12:52 Horse Collar
13:28 Double-Bit Axe
16:05 Bow Saw
15:56 Heavy Plow
23:27 Forging
24:45 Husbandry
26:42 Loom
27:34 Wheelbarrow
32:04 Imperial Age
30:13 Gold Mining
30:14 Stone Mining
30:36 Bloodlines
31:05 Iron Casting
30:35 Scale Barding Armor
32:11 Hand Cart
33:44 Double Crossbow
33:19 Heavy Scorpion
34:49 Gold Shaft Mining
34:49 Stone Shaft Mining
34:17 Fletching
34:27 Padded Archer Armor
36:01 Ballistics
36:45 Chemistry
36:05 Ballistics
38:34 Town Watch
38:11 Light Cavalry
38:55 Bodkin Arrow
39:15 Leather Archer Armor
40:09 Hussar
41:29 Coinage
42:05 Bracer
42:35 Ring Archer Armor
44:55 Pikeman
45:35 Halberdier
47:25 Blast Furnace
46:25 Scale Mail Armor
46:46 Chain Barding Armor
Han Byeong-guk
10:56 Feudal Age
12:18 Double-Bit Axe
14:37 Castle Age
13:05 Horse Collar
13:39 Stone Mining
19:10 Wheelbarrow
18:36 Loom
21:42 Heavy Plow
22:30 Bow Saw
24:24 Gold Mining
25:09 Stone Shaft Mining
30:12 Imperial Age
28:38 Scale Barding Armor
29:03 Bloodlines
28:53 Husbandry
29:08 Forging
29:41 Chain Barding Armor
30:15 Hand Cart
29:45 Town Watch
30:16 Elite Leitis
31:17 Conscription
31:59 Plate Barding Armor
33:28 Iron Casting
32:57 Fletching
36:06 Bodkin Arrow
38:27 Masonry
38:38 Ballistics
38:38 Murder Holes
39:43 Murder Holes
44:24 Ballistics
44:15 Masonry
Politox
8:57 Loom
10:44 Feudal Age
12:17 Town Watch
15:48 Castle Age
14:28 Double-Bit Axe
14:26 Horse Collar
16:39 Bow Saw
16:59 Heavy Plow
25:03 Stone Mining
25:04 Gold Mining
28:18 Wheelbarrow
27:47 Town Patrol
27:41 Fletching
28:36 Wheelbarrow
28:36 Fortified Wall
31:54 Imperial Age
29:59 Hand Cart
29:56 Bodkin Arrow
30:02 Padded Archer Armor
30:24 Ballistics
30:25 Treadmill Crane
30:56 Masonry
32:22 Leather Archer Armor
32:54 Yeomen
32:49 Bracer
33:54 Chemistry
33:00 Siege Engineers
33:18 Conscription
33:05 Murder Holes
33:52 Ring Archer Armor
34:26 Chemistry
33:32 Siege Engineers
33:58 Architecture
35:43 Two-Man Saw
35:03 Elite Longbowman
35:46 Scale Mail Armor
37:09 Hoardings
42:03 Gold Shaft Mining
42:10 Hoardings
44:50 Yeomen
44:31 Warwolf
Connection lost

Rejoining the realm…

Still unreachable

The connection could not be restored.

Session expired

The server has moved on; the page needs a fresh start.